AoeStats
← lex.18.1985gs

Black Forest

510431081Analyzed
2v2 RM · 1d ago on Oct 1, 2026· 65m 10s· 4 players
Game mode
Random Map
Map size
Medium (4 player)
Population
200
Speed
Normal
Resources
Standard
Victory
Conquest
Starting age
Dark Age
Ending age
Imperial Age
RankedLock teamsTeams togetherTeam positionsShared explorationLock speedFull tech treeHidden civsTurbo modeCheats
Victory
Defeat
🇺🇸 Goths · United States
364
+19
🇺🇸 Spanish · United States
363
+19
🇳🇱 Franks · Netherlands
468
-20
🇦🇷 Vikings · Argentina
402
-18
sjonsjon [nl]
0:28 Loom
13:20 Feudal Age
15:55 Fletching
16:16 Double-Bit Axe
17:58 Wheelbarrow
25:14 Castle Age
27:20 Bow Saw
30:19 Caravan
31:59 Stone Mining
34:13 Forging
34:09 Scale Barding Armor
33:57 Treadmill Crane
35:53 Husbandry
36:33 Iron Casting
36:19 Chain Barding Armor
38:49 Ballistics
37:52 Ordonnance Companies
40:27 Hand Cart
43:02 Imperial Age
41:25 Bodkin Arrow
41:31 Padded Archer Armor
41:31 Crossbowman
43:48 Chivalry
44:28 Leather Archer Armor
45:22 Chemistry
44:43 Fortified Wall
44:24 Guard Tower
44:30 Murder Holes
44:42 Siege Engineers
44:48 Masonry
44:24 Arrowslits
45:03 Conscription
46:56 Cavalier
49:41 Plate Barding Armor
48:58 Cranequins
50:07 Paladin
52:12 Light Cavalry
52:59 Scale Mail Armor
lex.18.1985gs
0:42 Loom
13:28 Feudal Age
13:52 Horse Collar
14:03 Double-Bit Axe
24:30 Castle Age
24:55 Forging
29:56 Gold Mining
34:30 Heavy Plow
34:45 Bow Saw
35:53 Scale Barding Armor
35:32 Crossbowman
38:55 Chain Barding Armor
39:09 Stone Mining
39:47 Arson
40:42 Iron Casting
41:30 Gold Shaft Mining
42:45 Fortified Wall
43:13 Ballistics
45:34 Imperial Age
43:39 Town Watch
45:00 Caravan
47:44 Two-Man Saw
47:29 Crop Rotation
50:25 Murder Holes
50:41 Masonry
51:29 Elite Berserk
54:00 Onager
58:24 Chieftains
63:55 Elite Varangian Guard
HarmsWay27
13:55 Feudal Age
19:27 Wheelbarrow
18:40 Town Watch
26:22 Castle Age
27:22 Caravan
28:21 Double-Bit Axe
28:37 Horse Collar
29:22 Bow Saw
30:17 Husbandry
30:27 Bloodlines
34:24 Hand Cart
34:32 Gold Mining
34:33 Stone Mining
37:31 Fletching
37:41 Padded Archer Armor
37:47 Scale Barding Armor
37:52 Forging
37:43 Scale Mail Armor
42:42 Imperial Age
41:43 Stone Shaft Mining
43:38 Elite Conquistador
44:40 Conscription
45:58 Two-Man Saw
45:07 Heavy Plow
46:29 Ballistics
46:01 Guard Tower
46:07 Murder Holes
45:58 Arrowslits
46:24 Masonry
47:47 Hoardings
47:30 Fortified Wall
58:55 Architecture
59:25 Chemistry
59:02 Keep
TristanQ1
15:34 Feudal Age
17:17 Wheelbarrow
16:55 Man-at-Arms
19:58 Horse Collar
22:08 Forging
21:59 Scale Mail Armor
26:02 Castle Age
26:08 Long Swordsman
26:50 Squires
27:09 Chain Mail Armor
27:30 Iron Casting
28:47 Heavy Plow
30:30 Hand Cart
31:06 Caravan
33:08 Anarchy
37:15 Imperial Age
35:22 Loom
39:02 Blast Furnace
39:16 Crop Rotation
38:18 Elite Huskarl
41:34 Perfusion
41:55 Conscription
44:24 Double-Bit Axe
45:08 Gold Mining
45:33 Bow Saw
Connection lost

Rejoining the realm…

Still unreachable

The connection could not be restored.

Session expired

The server has moved on; the page needs a fresh start.